 Dungeon Crawl Stone Soup version 0.27.1-33-g824d729ab1 (webtiles) character file.

Game seed: 12336482082230968116

1291 austinbyrn the Blocker (level 8, -2/46 HPs)
             Began as a Gargoyle Fighter on Dec 9, 2021.
             Was a Believer of Okawaru.
             Engulfed by a steam dragon's steam (8 damage)
             ... on level 6 of the Dungeon.
             The game lasted 00:11:43 (6017 turns).

austinbyrn the Blocker (Gargoyle Fighter)           Turns: 6017, Time: 00:11:43

Health: -2/46      AC: 13    Str: 23    XL:     8   Next: 55%
Magic:  8/8        EV:  8    Int:  8    God:    Okawaru [**....]
Gold:   233        SH: 11    Dex:  9    Spells: 7/7 levels left

rFire    . . .     SeeInvis .   a - +0 flail
rCold    . . .     Faith    .   c - +0 kite shield
rNeg     + . .     Spirit   .   b - +0 scale mail
rPois    ∞         Reflect  .   (no helmet)
rElec    +         Harm     .   (no cloak)
rCorr    .         Rampage  .   (no gloves)
Will     .....                  p - +0 pair of boots
Stlth    ..........             (no amulet)
HPRegen  0.15/turn              (no ring)
MPRegen  0.11/turn              (no ring)

@: no status effects
A: sickness immunity, AC +5, negative energy resistance 1, electricity
resistance, torment resistance 1, petrification resistance
a: Renounce Religion, Heroism


You were on level 6 of the Dungeon.
You worshipped Okawaru.
Okawaru was pleased with you.
You visited 2 branches of the dungeon, and saw 7 of its levels.

You collected 233 gold pieces.

Inventory:

Hand Weapons
 a - a +0 flail (weapon)
Missiles
 m - 4 javelins (quivered)
Armour
 b - a +0 scale mail (worn)
 c - a +0 kite shield (worn)
 p - a +0 pair of boots (worn)
Scrolls
 g - a scroll of identify
 h - a scroll of torment {unknown}
 i - 2 scrolls of teleportation
 j - a scroll of blinking {unknown}
 l - a scroll of fear {unknown}
 o - a scroll of amnesia
 q - a scroll of magic mapping {unknown}
 r - a scroll of silence {unknown}
Potions
 d - a potion of might
 e - a potion of invisibility {unknown}
 f - a potion of curing {unknown}
 k - 4 potions of haste
 n - 2 potions of degeneration {unknown}
 s - 3 potions of heal wounds {unknown}
 t - a potion of brilliance {unknown}


   Skills:
 - Level 3.2 Fighting
 + Level 7.4 Maces & Flails
 - Level 3.2 Armour
 + Level 8.5 Shields


You had 7 spell levels left.
You didn't know any spells.
Your spell library contained the following spells:

 Spells                   Type           Power      Damage    Failure   Level
 Foxfire                  Conj/Fire      0%         2x1d4     94%         1
 Corpse Rot               Necr/Air       N/A        N/A       98%         2
 Ensorcelled Hibernation  Hex/Ice        0%         N/A       98%         2
 Poisonous Vapours        Pois/Air       0%         N/A       98%         2
 Conjure Flame            Conj/Fire      0%         6-21      100%        3
 Inner Flame              Hex/Fire       0%         N/A       100%        3
 Spider Form              Tmut/Pois      0%         N/A       100%        3
 Freezing Cloud           Conj/Ice/Air   0%         6-21      100%        5
 Shadow Creatures         Summ           N/A        N/A       100%        6


Dungeon Overview and Level Annotations

Branches:
Dungeon (6/15)             Temple (1/1) D:4

Altars:
Ashenzari
Cheibriados
Elyvilon
Gozag
Kikubaaqudgha
Makhleb
Nemelex Xobeh
Okawaru
Sif Muna
Trog
Yredelemnul


Innate Abilities, Weirdness & Mutations

You are immune to sickness and miasma.
Your stone body is resilient. (AC +5)
You are immune to poison.
You resist negative energy. (rN+)
You are resistant to electric shocks. (rElec)
You are resistant to unholy torment.
You are immune to petrification.


Message History

The ball of steam misses you.
Your scale mail prevents you from hitting the steam dragon.
The steam dragon is heavily wounded.
You are engulfed in a cloud of scalding steam.
You block the steam dragon's attack. The steam dragon barely misses you.
You hit the steam dragon but do no damage.
The steam dragon is heavily wounded.
You are engulfed in a cloud of scalding steam.
The steam dragon breathes steam at you.
The ball of steam hits you but does no damage.
You closely miss the steam dragon.
The steam dragon is heavily wounded.
You are engulfed in a cloud of scalding steam.
The steam dragon bites you but does no damage.
You block the steam dragon's attack.
You sock the steam dragon!
The steam dragon is severely wounded.
You block the steam dragon's attack. x2
The steam dragon breathes steam at you.
The ball of steam hits you but does no damage.
You hit the steam dragon but do no damage.
The steam dragon is severely wounded.
You are engulfed in a cloud of scalding steam.
The steam dragon closely misses you. x2
You hit the steam dragon.
The steam dragon is almost dead.
You block the steam dragon's attack. The steam dragon claws you.
You hit the steam dragon but do no damage.
The steam dragon is almost dead.
The steam dragon bites you but does no damage.
You block the steam dragon's attack.
You completely miss the steam dragon.
The steam dragon is almost dead.
The steam dragon breathes steam at you. The ball of steam hits you!
* * * LOW HITPOINT WARNING * * *
Your scale mail prevents you from hitting the steam dragon.
The steam dragon is almost dead.
You are engulfed in a cloud of scalding steam.
You die...

#.##...###..........
#.#....(..##........
#. #...#............
#.##...#(...........
#...................
#..........§)#).....
##).)......§........
#<))D...............
###@#####.###.......
#.# ..... .......
#.. ..............
#####.............
#####......... .#...
.....


You could see a steam dragon (catching breath).

Vanquished Creatures
  Sigmund (D:5)
  A water moccasin (D:5)
  An ogre (D:4)
  A necrophage (D:4)
  A phantom (D:4)
  A kobold brigand (D:6)
  A bullfrog (D:4)
  2 scorpions (D:4)
  A water moccasin zombie (D:5)
  A water moccasin skeleton (D:4)
  A howler monkey (D:5)
  A centaur zombie (D:5)
  A jelly (D:5)
  A hound (D:5)
  An iron imp (D:4)
  An iguana (D:4)
  A scorpion zombie (D:5)
  7 adders
  3 gnolls (D:6)
  A white imp (D:6)
  2 ufetubi (D:5)
  2 adder skeletons (D:4)
  A worm (D:2)
  3 dart slugs
  15 orcs
  12 ball pythons
  3 endoplasms
  A giant cockroach (D:2)
  6 goblins
  7 hobgoblins
  7 jackals
  3 quokkas
  4 bats
  3 frilled lizards
  6 kobolds
  8 rats
112 creatures vanquished.

Vanquished Creatures (others)
  A kobold (D:6)
1 creature vanquished.

Grand Total: 113 creatures vanquished

Notes
Turn   | Place    | Note
-------+----------+-------------------------------------------
     0 | D:1      | austinbyrn the Gargoyle Fighter began the quest for the
                  | Orb.
     0 | D:1      | Reached XP level 1. HP: 14/14 MP: 1/1
    73 | D:1      | Reached XP level 2. HP: 18/19 MP: 2/2
   344 | D:1      | Reached XP level 3. HP: 19/23 MP: 3/3
   572 | D:1      | Reached skill level 4 in Shields
  1101 | D:2      | Found a faded altar of an unknown god.
  1665 | D:3      | Reached XP level 4. HP: 28/28 MP: 4/4
  2392 | D:4      | Noticed a necrophage
  2551 | D:5      | Entered Level 5 of the Dungeon
  2564 | D:5      | Reached skill level 5 in Shields
  2564 | D:5      | Reached XP level 5. HP: 28/32 MP: 5/5
  2877 | D:4      | Found a staircase to the Ecumenical Temple.
  2883 | Temple   | Entered the Ecumenical Temple
  2928 | Temple   | Became a worshipper of Warmaster Okawaru
  3024 | D:4      | Noticed a phantom
  3045 | D:4      | Killed a phantom
  3046 | D:4      | Reached XP level 6. HP: 20/37 MP: 6/6
  3519 | D:4      | Reached skill level 5 in Maces & Flails
  3519 | D:4      | Reached skill level 6 in Shields
  3652 | D:4      | Killed a necrophage
  3652 | D:4      | Reached * piety under Okawaru
  3653 | D:4      | Reached XP level 7. HP: 39/41 MP: 7/7
  4172 | D:4      | Reached skill level 7 in Shields
  4232 | D:4      | Found a snail-covered altar of Cheibriados.
  4672 | D:5      | Reached ** piety under Okawaru
  4673 | D:5      | Reached XP level 8. HP: 26/46 MP: 8/8
  5214 | D:5      | Found a white marble altar of Elyvilon.
  5374 | D:5      | Noticed Sigmund
  5384 | D:5      | Killed Sigmund
  5385 | D:5      | Reached skill level 8 in Shields
  6017 | D:6      | Engulfed by a steam dragon's steam

Illustrated notes

Levels and vault maps discovered:
D:1:      tarquinn_simple_flora_water_f, layout_loops_ring,
          minmay_tiny_reverse_x
D:2:      layout_loops_corners, ebering_ecumenical_altar_mist
D:3:      layout_loops_ring
D:4:      layout_cave_pods, chei_slow_surprise, temple_green
D:5:      layout_cave_pools, elyvilon_altar_1, kennysheep_small_circle,
          uniq_sigmund
D:6:      layout_basic, vehumet_statue, amcnicky_altar_gilded,
          lightli_ossuary_entry_decrepit_ruins, serial_shops, shop,
          gammafunk_ghost_arena, uniq_menkaure
Temple:   nicolae_temple_figure_zero

Skill      XL: |  1  2  3  4  5  6  7  8 |
---------------+-------------------------+-----
Shields        | 4 5 6 7 8 |  8.5
Maces & Flails | 3 4 5 6 7 |  7.4
Fighting       | |  3.2
Armour         | |  3.2

Action                   |  1- 3 |  4- 6 |  7- 9 || total
-------------------------+-------+-------+-------++-------
Melee: Flail             |   125 |   199 |   172 ||   496
Throw: Stone             |     3 |       |       ||     3
       Javelin           |       |     3 |    13 ||    16
  Use: Scroll            |       |       |     4 ||     4
       Potion            |       |       |     1 ||     1
Armor: Scale mail        |    63 |   117 |   118 ||   298
Dodge: Dodged            |    39 |    67 |    84 ||   190
Block: Kite shield       |    73 |   111 |   139 ||   323
